AAA
LYNN PATRIOTS @ OTTAWA BEAVERS
08/20/2059
 
TOP OF THE 1ST
Lynn Patriots batting - Pitching for Ottawa Beavers : RHP Burgess Padilla
Pitching: RHP Burgess Padilla
Batting: RHB Paxton Barnett 0-0: DOUBLE (Flyball, 9LD, EV 100.6 MPH)
Batting: RHB Garret Hoffman 0-0: Called Strike
0-1: Called Strike
0-2: Strikes out swinging
Batting: RHB Rodrick Madhubuti 0-0: Called Strike
0-1: Ball
1-1: Foul Ball, location: 2F
1-2: Foul Ball, location: 2F
1-2: 2-RUN HOME RUN (Flyball, 7D, EV 101.2 MPH), Distance : 373 ft
Batting: LHB Deshaun Hone 0-0: Ball
1-0: Foul Ball, location: 2F
1-1: Called Strike
1-2: DOUBLE (Line Drive, 9LS, EV 108.8 MPH)
Batting: LHB Chase Corman 0-0: Ball
1-0: Called Strike
1-1: Called Strike
1-2: Ball
2-2: 2-RUN HOME RUN (Flyball, 9D, EV 100.6 MPH), Distance : 364 ft
Batting: LHB Kyle Cherry 0-0: Foul Ball, location: 2F
0-1: Ball
1-1: Ball
2-1: Foul Ball, location: 2F
2-2: SINGLE (Line Drive, 89M, EV 105.0 MPH)
Batting: RHB Traevis van Dijk 0-0: Called Strike
0-1: Fly out, F5 (Popup, 25F, EV 83.1 MPH)
Batting: RHB Scottie Viele 0-0: Foul Ball, location: 2F
0-1: Ball
1-1: Foul Ball, location: 2F
1-2: Foul Ball, location: 2F
1-2: Strikes out swinging
Top of the 1st over - 4 runs, 5 hits, 0 errors, 1 left on base; Lynn 4 - Ottawa 0
BOTTOM OF THE 1ST
Ottawa Beavers batting - Pitching for Lynn Patriots : RHP Wyatt McManus
Pitching: RHP Wyatt McManus
Batting: SHB Darren Clark 0-0: Called Strike
0-1: Ball
1-1: Foul Ball, location: 2F
1-2: Ball
2-2: Strikes out swinging
Batting: RHB Jaboree Kafengauz 0-0: Called Strike
0-1: Ball
1-1: Called Strike
1-2: Ball
2-2: Ground out 5-3 (Groundball, 56S, EV 81.2 MPH)
Batting: LHB Romeo Nester 0-0: Foul Ball, location: 3F, Error on foul ball, E3
0-1: Swinging Strike
0-2: Ball
1-2: Strikes out swinging
Bottom of the 1st over - 0 runs, 0 hits, 1 error, 0 left on base; Lynn 4 - Ottawa 0
TOP OF THE 2ND
Lynn Patriots batting - Pitching for Ottawa Beavers : RHP Burgess Padilla
Batting: RHB O.K. Emelyantsev 0-0: Called Strike
0-1: Swinging Strike
0-2: Ball
1-2: Ball
2-2: DOUBLE (Line Drive, 89D, EV 106.2 MPH)
Batting: RHB Paxton Barnett 0-0: Fly out, F7 (Flyball, 7, EV 91.9 MPH)
Batting: RHB Garret Hoffman 0-0: Ground out 6-3 (Groundball, 6, EV 83.1 MPH)
O.K. Emelyantsev to third
Batting: RHB Rodrick Madhubuti 0-0: Called Strike
0-1: Ball
1-1: Ball
2-1: Foul Ball, location: 2F
2-2: Strikes out swinging
Top of the 2nd over - 0 runs, 1 hit, 0 errors, 1 left on base; Lynn 4 - Ottawa 0
BOTTOM OF THE 2ND
Ottawa Beavers batting - Pitching for Lynn Patriots : RHP Wyatt McManus
Batting: LHB Evan Dollar 0-0: Foul Ball, location: 2F
0-1: Foul Ball, location: 2F
0-2: Ball
1-2: Ball
2-2: Fly out, F8 (Line Drive, 8RS, EV 93.8 MPH)
Batting: RHB Gavin Wright 0-0: Ball
1-0: Called Strike
1-1: Foul Ball, location: 2F
1-2: Strikes out looking
Batting: SHB Dennis Daley 0-0: Called Strike
0-1: Ball
1-1: Ground out 4-3 (Groundball, 4D, EV 98.8 MPH)
Bottom of the 2nd over - 0 runs, 0 hits, 0 errors, 0 left on base; Lynn 4 - Ottawa 0
TOP OF THE 3RD
Lynn Patriots batting - Pitching for Ottawa Beavers : RHP Burgess Padilla
Batting: LHB Deshaun Hone 0-0: Called Strike
0-1: Ground out U3 (Groundball, 34, EV 79.4 MPH)
Batting: LHB Chase Corman 0-0: Ground out U3 (Groundball, 3, EV 91.9 MPH)
Batting: LHB Kyle Cherry 0-0: Called Strike
0-1: Called Strike
0-2: Foul Ball, location: 2F
0-2: Foul Ball, location: 2F
0-2: Ball
1-2: Ground out 3-1 (Groundball, 13, EV 83.1 MPH)
Top of the 3rd over - 0 runs, 0 hits, 0 errors, 0 left on base; Lynn 4 - Ottawa 0
BOTTOM OF THE 3RD
Ottawa Beavers batting - Pitching for Lynn Patriots : RHP Wyatt McManus
Batting: RHB Taylor Allison 0-0: Called Strike
0-1: Ball
1-1: Fly out, F7 (Flyball, 78M, EV 91.2 MPH)
Batting: RHB Omari Stubbs 0-0: Called Strike
0-1: Ball
1-1: Fly out, F9 (Line Drive, 9, EV 90.0 MPH)
Batting: RHB Erick Hartman 0-0: Ball
1-0: Called Strike
1-1: Ground out 6-3 (Groundball, 6, EV 90.0 MPH)
Bottom of the 3rd over - 0 runs, 0 hits, 0 errors, 0 left on base; Lynn 4 - Ottawa 0
TOP OF THE 4TH
Lynn Patriots batting - Pitching for Ottawa Beavers : RHP Burgess Padilla
Batting: RHB Traevis van Dijk 0-0: Ball
1-0: Called Strike
1-1: Ball
2-1: Swinging Strike
2-2: Ground out 5-3 (Groundball, 56S, EV 79.4 MPH)
Batting: RHB Scottie Viele 0-0: Swinging Strike
0-1: Called Strike
0-2: Ball
1-2: Foul Ball, location: 2F
1-2: Foul Ball, location: 2F
1-2: Ground out 6-3 (Groundball, 6M, EV 78.1 MPH)
Batting: RHB O.K. Emelyantsev 0-0: Ball
1-0: DOUBLE (Line Drive, 3D, EV 98.8 MPH)
Batting: RHB Paxton Barnett 0-0: Ball
1-0: Ball
2-0: Fly out, F8 (Flyball, 8LM, EV 91.2 MPH)
Top of the 4th over - 0 runs, 1 hit, 0 errors, 1 left on base; Lynn 4 - Ottawa 0
BOTTOM OF THE 4TH
Ottawa Beavers batting - Pitching for Lynn Patriots : RHP Wyatt McManus
Batting: SHB Darren Clark 0-0: Ball
1-0: Ball
2-0: SINGLE (Line Drive, 78M, EV 101.2 MPH)
Batting: RHB Jaboree Kafengauz 0-0: SINGLE (Flyball, 56D, EV 85.0 MPH)
Darren Clark to second
Darren Clark to third
Batting: LHB Romeo Nester 0-0: Ball
1-0: Ball
2-0: Ball
3-0: Base on Balls
Jaboree Kafengauz to second
Batting: LHB Evan Dollar 0-0: Called Strike
0-1: Ball
1-1: Ball
Wild Pitch!
Darren Clark scores
Jaboree Kafengauz to third
Romeo Nester to second
2-1: Ball
3-1: Base on Balls
Batting: RHB Gavin Wright 0-0: Ball
1-0: Foul Ball, location: 2F
1-1: Ball
2-1: SINGLE (Groundball, P, EV 89.4 MPH) (infield hit)
Jaboree Kafengauz scores
Romeo Nester to third
Evan Dollar to second
Batting: SHB Dennis Daley 0-0: Ball
1-0: Foul Ball, location: 2F
1-1: Fielders Choice at 2nd, 4-6 (Groundball, 4MS, EV 81.9 MPH)
Romeo Nester scores
Evan Dollar to third
Batting: RHB Taylor Allison 0-0: Ball
1-0: Ball
2-0: Swinging Strike
2-1: Foul Ball, location: 2F
2-2: Strikes out looking
Batting: RHB Omari Stubbs 0-0: Ball
1-0: Ball
2-0: Ground out 5-3 (Groundball, 25, EV 88.8 MPH)
Bottom of the 4th over - 3 runs, 3 hits, 0 errors, 2 left on base; Lynn 4 - Ottawa 3
TOP OF THE 5TH
Lynn Patriots batting - Pitching for Ottawa Beavers : RHP Burgess Padilla
Batting: RHB Garret Hoffman 0-0: Called Strike
0-1: Foul Ball, location: 2F
0-2: SINGLE (Flyball, 89S, EV 95.0 MPH)
Batting: RHB Rodrick Madhubuti 0-0: Called Strike
Garret Hoffman is caught stealing 2nd base 2-4
0-1: Ball
1-1: Swinging Strike
1-2: Strikes out swinging
Batting: LHB Deshaun Hone 0-0: Ground out 4-3 (Groundball, 4, EV 86.9 MPH)
Top of the 5th over - 0 runs, 1 hit, 0 errors, 0 left on base; Lynn 4 - Ottawa 3
BOTTOM OF THE 5TH
Ottawa Beavers batting - Pitching for Lynn Patriots : RHP Wyatt McManus
Batting: RHB Erick Hartman 0-0: Foul Ball, location: 2F
0-1: Ball
1-1: Ground out U3 (Groundball, 34, EV 80.0 MPH)
Batting: SHB Darren Clark 0-0: Ball
1-0: Called Strike
1-1: Ball
2-1: Foul Ball, location: 2F
2-2: Foul Ball, location: 2F
2-2: Foul Ball, location: 2F
2-2: Strikes out swinging
Batting: RHB Jaboree Kafengauz 0-0: Foul Ball, location: 2F
0-1: Ball
1-1: DOUBLE (Groundball, 5L, EV 101.2 MPH)
Batting: LHB Romeo Nester 0-0: Foul Ball, location: 2F
0-1: Called Strike
0-2: Strikes out swinging
Bottom of the 5th over - 0 runs, 1 hit, 0 errors, 1 left on base; Lynn 4 - Ottawa 3
TOP OF THE 6TH
Lynn Patriots batting - Pitching for Ottawa Beavers : RHP Burgess Padilla
Batting: LHB Chase Corman 0-0: Ball
1-0: Foul Ball, location: 2F
1-1: Ground out 6-3 (Groundball, 6, EV 76.9 MPH)
Batting: LHB Kyle Cherry 0-0: Ball
1-0: Called Strike
1-1: Foul Ball, location: 2F
1-2: Foul Ball, location: 2F
1-2: Foul Ball, location: 2F
1-2: Ball
2-2: Foul Ball, location: 2F
2-2: Ball
3-2: Strikes out looking
Batting: RHB Traevis van Dijk 0-0: Foul Ball, location: 2F
0-1: Ball
1-1: Ball
2-1: Ground out U3 (Groundball, 13, EV 91.2 MPH)
Top of the 6th over - 0 runs, 0 hits, 0 errors, 0 left on base; Lynn 4 - Ottawa 3
BOTTOM OF THE 6TH
Ottawa Beavers batting - Pitching for Lynn Patriots : RHP Wyatt McManus
Batting: LHB Evan Dollar 0-0: DOUBLE (Flyball, 78XD, EV 97.5 MPH)
Batting: RHB Gavin Wright 0-0: Ball
1-0: Ground out 4-3 (Groundball, 34, EV 91.2 MPH)
Evan Dollar to third
Batting: SHB Dennis Daley 0-0: Ball
1-0: Foul Ball, location: 2F
1-1: SINGLE (Groundball, 4MD, EV 78.8 MPH) (infield hit)
Evan Dollar scores
Batting: RHB Taylor Allison 0-0: Called Strike
0-1: Called Strike
0-2: Ball
1-2: Ball
Dennis Daley steals 2nd base
2-2: Strikes out swinging
Batting: RHB Omari Stubbs 0-0: Swinging Strike
0-1: Swinging Strike
0-2: Ball
1-2: Strikes out looking
Bottom of the 6th over - 1 run, 2 hits, 0 errors, 1 left on base; Lynn 4 - Ottawa 4
TOP OF THE 7TH
Lynn Patriots batting - Pitching for Ottawa Beavers : RHP Burgess Padilla
Batting: RHB Scottie Viele 0-0: Swinging Strike
0-1: Foul Ball, location: 2F
0-2: Strikes out swinging
Batting: RHB O.K. Emelyantsev 0-0: Called Strike
0-1: Foul Ball, location: 2F
0-2: Ball
1-2: Ball
2-2: Foul Ball, location: 2F
2-2: Strikes out swinging
Batting: RHB Paxton Barnett 0-0: SINGLE (Groundball, 6MD, EV 103.1 MPH)
Pitching: RHP Jerod Ola
Batting: RHB Garret Hoffman 0-0: Ground out 5-3 (Groundball, 5S, EV 84.4 MPH)
Top of the 7th over - 0 runs, 1 hit, 0 errors, 1 left on base; Lynn 4 - Ottawa 4
BOTTOM OF THE 7TH
Ottawa Beavers batting - Pitching for Lynn Patriots : RHP Wyatt McManus
Batting: RHB Erick Hartman 0-0: Called Strike
0-1: Ball
1-1: Ball
2-1: Ball
3-1: SINGLE (Groundball, 4MD, EV 96.9 MPH)
Batting: SHB Darren Clark 0-0: Bunted foul
0-1: Sac Bunt to 13S - play at first, batter OUT! 1-3
Erick Hartman to second
Batting: RHB Jaboree Kafengauz 0-0: Ground out 5-3 (Groundball, 56S, EV 82.5 MPH)
Batting: LHB Romeo Nester 0-0: Fly out, F7 (Flyball, 7D, EV 97.5 MPH)
Bottom of the 7th over - 0 runs, 1 hit, 0 errors, 1 left on base; Lynn 4 - Ottawa 4
TOP OF THE 8TH
Lynn Patriots batting - Pitching for Ottawa Beavers : RHP Jerod Ola
Batting: RHB Rodrick Madhubuti 0-0: Ball
1-0: Called Strike
1-1: Swinging Strike
1-2: Ball
2-2: DOUBLE (Flyball, 8RXD, EV 96.2 MPH)
Batting: LHB Deshaun Hone 0-0: Swinging Strike
0-1: Fly out, F9 (Flyball, 89M, EV 86.9 MPH)
Batting: LHB Chase Corman 0-0: Intentional Walk
Batting: LHB Kyle Cherry 0-0: Called Strike
0-1: Foul Ball, location: 2F
0-2: Ball
1-2: Ball
2-2: Strikes out looking
Pinch Hitting: LHB Ira Benda 0-0: Called Strike
0-1: Called Strike
0-2: Strikes out looking
Top of the 8th over - 0 runs, 1 hit, 0 errors, 2 left on base; Lynn 4 - Ottawa 4
BOTTOM OF THE 8TH
Ottawa Beavers batting - Pitching for Lynn Patriots : RHP Wyatt McManus
Now at 1B: Brandt Bagishaev
Batting: LHB Evan Dollar 0-0: Called Strike
0-1: Called Strike
0-2: Strikes out swinging
Pinch Hitting: LHB Cole Tester 0-0: Called Strike
0-1: Foul Ball, location: 2F
0-2: Foul Ball, location: 2F
0-2: Strikes out swinging
Batting: SHB Dennis Daley 0-0: Ball
1-0: Called Strike
1-1: Ball
2-1: SINGLE (Groundball, 56, EV 95.6 MPH) (infield hit)
Pitching: RHP Blake Tippett
Batting: RHB Taylor Allison 0-0: Ball
1-0: Ball
2-0: Swinging Strike
2-1: Ball
3-1: Called Strike
3-2: Fly out, F7 (Line Drive, 7D, EV 92.5 MPH)
Bottom of the 8th over - 0 runs, 1 hit, 0 errors, 1 left on base; Lynn 4 - Ottawa 4
TOP OF THE 9TH
Lynn Patriots batting - Pitching for Ottawa Beavers : RHP Jerod Ola
Now in RF: Cole Tester
Pinch Hitting: SHB Xavier Amaro 0-0: SINGLE (Line Drive, 8LS, EV 90.6 MPH)
Batting: RHB O.K. Emelyantsev 0-0: Bunt missed!
0-1: Sac Bunt to 13S - play at first, batter OUT! 1-3
Xavier Amaro to second
Batting: RHB Paxton Barnett 0-0: Fly out, F7 (Line Drive, 7S, EV 96.2 MPH)
Batting: RHB Garret Hoffman 0-0: Ball
1-0: Ball
2-0: Ball
3-0: Called Strike
3-1: SINGLE (Groundball, 56, EV 102.5 MPH)
Xavier Amaro to third
Runner from 3rd tries for Home, SAFE, throw by LF to home
Batting: RHB Rodrick Madhubuti 0-0: Foul Ball, location: 2F
0-1: Foul Ball, location: 2F
0-2: Foul Ball, location: 2F
0-2: Ball
1-2: Fielders Choice at 2nd, 6-4 (Groundball, 6, EV 102.5 MPH)
Top of the 9th over - 1 run, 2 hits, 0 errors, 1 left on base; Lynn 5 - Ottawa 4
BOTTOM OF THE 9TH
Ottawa Beavers batting - Pitching for Lynn Patriots : RHP Blake Tippett
Pitching: RHP Tommy Pitz
Now at 2B: Xavier Amaro
Now at SS: Paxton Barnett
Batting: RHB Omari Stubbs 0-0: Ground out 6-3 (Groundball, 6, EV 102.5 MPH)
Pinch Hitting: RHB Carlos Kinney 0-0: SINGLE (Flyball, 7LS, EV 92.5 MPH)
Batting: SHB Darren Clark 0-0: Foul Ball, location: 2F
0-1: Foul Ball, location: 2F
0-2: Ball
1-2: Strikes out swinging
Batting: RHB Jaboree Kafengauz 0-0: Ball
1-0: Foul Ball, location: 2F
1-1: SINGLE (Groundball, 56D, EV 107.5 MPH)
Carlos Kinney to second
Batting: LHB Romeo Nester 0-0: Ball
1-0: Ball
2-0: Ball
3-0: Base on Balls
Carlos Kinney to third
Jaboree Kafengauz to second
Batting: LHB Evan Dollar 0-0: Ball
1-0: Ball
2-0: Called Strike
2-1: Fielders Choice at 2nd, 6-4 (Groundball, 56, EV 104.4 MPH)
Bottom of the 9th over - 0 runs, 2 hits, 0 errors, 3 left on base; Lynn 5 - Ottawa 4
Monday, March 25th , 2024 - OOTP Baseball 23.10 Build 110